 Dungeon Crawl Stone Soup version 0.23.1-37-gaa34b87b72 (webtiles) character file.

Game seed: 10716919481280823232

12739 Forgol the Basher (level 11, 0/84 HPs)
             Began as a Demonspawn Berserker on Mar 20, 2019.
             Was a High Priest of Trog.
             Succumbed to a spiny frog's poison
             ... on level 1 of the Lair of Beasts.
             The game lasted 00:21:41 (10558 turns).

Forgol the Basher (Demonspawn Berserker)           Turns: 10558, Time: 00:21:42

Health: 0/84       AC: 22    Str: 20    XL:     11   Next: 66%
Magic:  1/11       EV:  7    Int: 13    God:    Trog [*****.]
Gold:   669        SH: 10    Dex: 14    Spells: 10/10 levels left

rFire    . . .     SeeInvis .   a - +0 morningstar
rCold    . . .     Gourm    .   d - +0 shield
rNeg     . . .     Faith    .   B - +0 plate armour
rPois    .         Spirit   +   q - +1 helmet
rElec    .         Reflect  .   k - scarf {Spirit}
rCorr    .         Harm     .   z - +2 pair of gloves
MR       .....                  (no boots)
Stlth    ..........             (no amulet)
HPRegen  0.24/turn              p - ring of flight
MPRegen  0.12/turn              (no ring)

@: brilliant, lethally poisoned (0 -> -15), berserk cooldown, very slightly
contaminated, slowed, very slow
A: thin metallic scales 2, spiny 3
a: Berserk, Trog's Hand, Brothers in Arms, Renounce Religion, Evoke Flight


You were on level 1 of the Lair of Beasts.
You worshipped Trog.
Trog was extremely pleased with you.
You were near starving.

You visited 2 branches of the dungeon, and saw 11 of its levels.

You collected 669 gold pieces.

Inventory:

Hand Weapons
 a - a +0 morningstar (weapon)
Armour
 d - a +0 shield (worn)
 k - a scarf of spirit shield (worn)
 q - a +1 helmet (worn)
 z - a +2 pair of gloves (worn)
 B - a +0 plate armour (worn)
Jewellery
 n - an uncursed ring of ice
 o - an uncursed amulet of faith
 p - a ring of flight (left hand)
 u - an uncursed amulet of rage
 E - an uncursed amulet of guardian spirit
Wands
 m - a wand of enslavement (10)
 w - a wand of clouds (6)
 A - a wand of polymorph (10)
 D - a wand of iceblast (2)
Scrolls
 t - 7 scrolls of teleportation
 y - 5 scrolls of remove curse
Potions
 b - a potion of might
 e - a potion of magic {unknown}
 f - 2 potions of agility
 g - a potion of mutation
 i - 2 potions of invisibility
 l - a potion of resistance {unknown}
 r - a potion of ambrosia {unknown}
 s - 2 potions of brilliance
 v - a potion of haste {unknown}
 x - a potion of heal wounds {unknown}
Comestibles
 c - 12 rations


   Skills:
 + Level 7.5 Fighting
 * Level 11.3 Maces & Flails
 + Level 7.9 Armour
 + Level 6.5 Dodging
 + Level 6.1 Shields
 + Level 0.9 Evocations


You had 10 spell levels left.
You didn't know any spells.
Your spell library was empty.

Dungeon Overview and Level Annotations

Branches:
Dungeon (10/15)            Temple (0/1) D:5            Lair (1/6) D:10
    Orc: D:9-12

Altars:
Dithmenos
Hepliaklqana
Trog


Innate Abilities, Weirdness & Mutations

You are mostly covered in thin metallic scales. (AC +3)
You are completely covered in sharp spines.


Message History

You are lethally poisoned!
The spiny frog poisons you!
It was a potion of brilliance.
You feel clever all of a sudden.
* * * LOW HITPOINT WARNING * * *
You feel very sick.
The spiny frog is struck by your spines.
The spiny frog barely misses you. The porcupine is struck by your spines.
The porcupine barely misses you. The yak is struck by your spines.
The yak gores you but does no damage. You block the spiny frog's attack.
The spiny frog stings you but does no damage.
The porcupine bites you!
* * * LOW HITPOINT WARNING * * *
The yak is struck by your spines. The yak gores you but does no damage.
Blink to where?
Press: ? - help, Dir - move target cursor You are very lightly contaminated with residual magic.
As you read the scroll of blinking, it crumbles to dust.
A crocodile comes into view.
You die...

###### #.#.#P#
###@....#
#t.....#....#
...⌠...##....## ..
.........#..+.# ....
⌠..>..⌠...#.#r##.....
..........##§F..#..$
...⌠.......#YF.......
#..........†#####....
.....⌠..# ...


You could see a yak, 2 spiny frogs and a crocodile (wandering).

Vanquished Creatures
  Fannar (D:10)
  A two-headed ogre (D:10)
  An ogre mage (D:10)
  An unseen horror (D:10)
  Pikel (D:9)
  A gargoyle (D:10)
  A queen bee (D:8)
  3 hippogriffs
  Sigmund (D:5)
  A shadow (D:10)
  A wyvern (D:10)
  10 yaks
  A steam dragon (D:8)
  3 hungry ghosts
  3 wargs (D:10)
  2 water moccasins (Lair:1)
  4 ice beasts
  3 orc warriors (D:9)
  3 sky beasts
  A slave (D:9)
  3 black bears
  2 eyes of draining (D:10)
  6 ogres
  3 phantoms
  3 centaurs
  A necrophage (D:10)
  A crocodile (Lair:1)
  A big kobold (D:10)
  5 bullfrogs
  2 scorpions
  3 jellies (D:9)
  26 killer bees
  4 wights (D:8)
  3 howler monkeys
  3 bullfrog zombies
  2 centaur zombies
  A centaur skeleton (D:6)
  11 orc wizards
  6 hounds
  A gnoll shaman (D:10)
  3 orc priests
  3 iguanas
  5 worker ants
  2 hound skeletons
  A howler monkey zombie (D:5)
  3 gnolls (D:8)
  11 adders
  3 shadow imps
  An ooze (D:3)
  2 adder skeletons
  2 worms (D:2)
  A dart slug (D:1)
  4 leopard geckos
  30 orcs
  5 giant cockroaches
  5 goblins
  3 hobgoblins
  3 jackals
  6 kobolds
  4 quokkas
  4 bats
  2 frilled lizards
  A quokka skeleton (D:9)
  3 rats
237 creatures vanquished.

Vanquished Creatures (others)
  A slave (D:9)
  A black bear (D:8)
  A bullfrog zombie (D:8)
3 creatures vanquished.

Grand Total: 240 creatures vanquished

Notes
Turn   | Place    | Note
-------+----------+-------------------------------------------
     0 | D:1      | Forgol the Demonspawn Berserker began the quest for the
                  | Orb.
     0 | D:1      | Reached XP level 1. HP: 18/18 MP: 1/1
   206 | D:1      | Reached skill level 3 in Maces & Flails
   411 | D:1      | Gained mutation: You are partially covered in sharp spines.
                  | [demonic ancestry]
   411 | D:1      | Reached XP level 2. HP: 24/24 MP: 2/2
   928 | D:2      | Gained mutation: You are partially covered in thin metallic
                  | scales. (AC +2) [demonic ancestry]
   928 | D:2      | Reached XP level 3. HP: 22/29 MP: 3/3
  1729 | D:3      | Reached ** piety under Trog
  1748 | D:3      | Reached skill level 4 in Maces & Flails
  1748 | D:3      | Reached XP level 4. HP: 35/35 MP: 4/4
  2344 | D:4      | Noticed an ogre
  2352 | D:4      | Killed an ogre
  2352 | D:4      | Reached XP level 5. HP: 41/41 MP: 5/5
  2607 | D:4      | Noticed a phantom
  2646 | D:4      | Killed a phantom
  2646 | D:4      | Reached skill level 5 in Maces & Flails
  2646 | D:4      | Gained mutation: You are mostly covered in sharp spines.
                  | [demonic ancestry]
  2646 | D:4      | Reached XP level 6. HP: 39/47 MP: 6/6
  2946 | D:5      | Entered Level 5 of the Dungeon
  2951 | D:5      | You fall through a shaft for 3 floors!
  2962 | D:7      | Found a shadowy altar of Dithmenos.
  3081 | D:7      | Noticed a hippogriff
  3096 | D:7      | Killed a hippogriff
  3096 | D:7      | Reached skill level 6 in Maces & Flails
  3096 | D:7      | Reached XP level 7. HP: 52/52 MP: 4/7
  3273 | D:5      | Found a staircase to the Ecumenical Temple.
  3515 | D:5      | Reached skill level 7 in Maces & Flails
  3779 | D:5      | Noticed Sigmund
  3787 | D:5      | Killed Sigmund
  3787 | D:5      | Reached skill level 5 in Armour
  3787 | D:5      | Reached skill level 1 in Shields
  3787 | D:5      | Gained mutation: You are completely covered in sharp
                  | spines. [demonic ancestry]
  3787 | D:5      | Reached XP level 8. HP: 58/58 MP: 6/8
  3910 | D:5      | Reached *** piety under Trog
  4276 | D:6      | Found a bloodstained altar of Trog.
  4365 | D:6      | Got a pair of ichor-stained boots
  4376 | D:6      | Identified the +2 pair of boots of Lugonu's Condemnation
                  | {rElec rPois rF- Slay-6} (You found it on level 6 of the
                  | Dungeon)
  4555 | D:6      | Reached skill level 8 in Maces & Flails
  4589 | D:6      | Found a hazy altar of Hepliaklqana.
  5285 | D:7      | Noticed a hippogriff
  5301 | D:7      | Killed a hippogriff
  5301 | D:7      | Gained mutation: You are mostly covered in thin metallic
                  | scales. (AC +3) [demonic ancestry]
  5301 | D:7      | Reached XP level 9. HP: 57/66 MP: 9/9
  5870 | D:8      | Noticed a queen bee
  5873 | D:8      | Reached **** piety under Trog
  5909 | D:7      | HP: 3/67 [poisoned by a killer bee]
  6447 | D:8      | Reached skill level 5 in Fighting
  6453 | D:8      | Reached skill level 9 in Maces & Flails
  7028 | D:8      | Reached XP level 10. HP: 74/74 MP: 10/10
  7726 | D:9      | Reached ***** piety under Trog
  7732 | D:9      | Reached skill level 5 in Dodging
  7882 | D:9      | Reached skill level 10 in Maces & Flails
  8148 | D:9      | Noticed Pikel
  8177 | D:9      | Killed Pikel
  8177 | D:9      | Reached skill level 5 in Shields
  8768 | D:10     | Entered Level 10 of the Dungeon
  8769 | D:10     | Noticed a gargoyle
  8784 | D:10     | Killed a gargoyle
  9131 | D:10     | Reached XP level 11. HP: 83/83 MP: 11/11
  9260 | D:10     | Identified the cursed +0 falchion "Boufol" {protect, rF+
                  | Str+2}
  9632 | D:10     | Noticed Fannar
  9651 | D:10     | Killed Fannar
  9695 | D:10     | Found a staircase to the Lair.
  9813 | D:10     | Noticed a two-headed ogre
  9825 | D:10     | Killed a two-headed ogre
  9825 | D:10     | Received a gift from Trog
  9825 | D:10     | Reached skill level 11 in Maces & Flails
  9976 | D:10     | Noticed an ogre mage
  9992 | D:10     | Killed an ogre mage
 10144 | D:10     | Killed an unseen horror
 10252 | Lair:1   | Entered Level 1 of the Lair of Beasts
 10557 | Lair:1   | HP: 3/84 [porcupine (6)]
 10558 | Lair:1   | Succumbed to a spiny frog's poison

Skill      XL: |  1  2  3  4  5  6  7  8  9 10 11 |
---------------+----------------------------------+-----
Maces & Flails | 3 4 5 6 7 8 9 10 11 | 11.3
Armour         | 2 3 4 5 6 7 |  7.9
Dodging        | 2 3 4 5 6 |  6.5
Shields        | 1 2 4 5 6 |  6.1
Fighting       | 4 5 6 7 |  7.5
Evocations     | |  0.9

Action                   |  1- 3 |  4- 6 |  7- 9 | 10-12 || total
-------------------------+-------+-------+-------+-------++-------
Melee: Mace              |    87 |    69 |   166 |       ||   322
       Flail             |       |       |   110 |       ||   110
       Morningstar       |       |       |    29 |   357 ||   386
Invok: Berserk           |       |     3 |     6 |     8 ||    17
       Trog's Hand       |       |       |       |     1 ||     1
  Use: Scroll            |     6 |     5 |    11 |     3 ||    25
       Potion            |       |       |     1 |     6 ||     7
  Eat: Chunk             |     3 |     3 |    13 |    11 ||    30
       Ration            |       |     1 |     3 |     3 ||     7
Armor: Chain mail        |    47 |    43 |    35 |       ||   125
       Plate armour      |       |       |   171 |   160 ||   331
       Skin              |       |       |       |    16 ||    16
Dodge: Dodged            |     6 |    19 |    61 |    72 ||   158
Block: Shield            |    46 |    24 |   146 |   150 ||   366
